 Dungeon Crawl Stone Soup version 0.28-a0-674-gdaf460b524 (webtiles) character file.

Game seed: 8037350642706154030

48 timneilson the Shield-Bearer (level 3, 0/23 HPs)
             Began as a Gargoyle Fighter on Oct 17, 2021.
             Slain by an orc (3 damage)
             ... on level 3 of the Dungeon.
             The game lasted 00:01:55 (1469 turns).

timneilson the Shield-Bearer (Gargoyle Fighter)     Turns: 1469, Time: 00:01:55

Health: 0/23       AC: 10    Str: 20    XL:     3   Next: 72%
Magic:  3/3        EV:  9    Int:  8    God:
Gold:   61         SH:  4    Dex:  9    Spells: 2/2 levels left

rFire   . . .      SeeInvis .   a - +0 long sword
rCold   . . .      Faith    .   c - +0 buckler
rNeg    + . .      Spirit   .   b - +0 scale mail
rPois   ∞          Reflect  .   (no helmet)
rElec   +          Harm     .   (no cloak)
rCorr   .          Rampage  .   (no gloves)
Will    .....                   (no boots)
Stlth   ..........              (no amulet)
HPRegen 0.07/turn               (no ring)
MPRegen 0.08/turn               (no ring)

@: no status effects
A: sickness immunity, AC +3, negative energy resistance 1, electricity
resistance, torment resistance 1, petrification resistance
a: no special abilities


You were on level 3 of the Dungeon.
You visited 1 branch of the dungeon, and saw 3 of its levels.

You collected 61 gold pieces.

Inventory:

Hand Weapons
 a - a +0 long sword (weapon)
 h - a +0 club
Armour
 b - a +0 scale mail (worn)
 c - a +0 buckler (worn)
Scrolls
 f - 4 scrolls of fog
Potions
 d - a potion of might
 e - a potion of mutation {unknown}
 g - a potion of flight {unknown}
 i - a potion of heal wounds {unknown}
 j - a potion of curing {unknown}
 k - 2 potions of brilliance


   Skills:
 + Level 3.5 Fighting
 * Level 2.3 Long Blades
 * Level 3.8 Armour
 + Level 0.4 Dodging
 * Level 3.8 Shields


You had 2 spell levels left.
You didn't know any spells.
Your spell library contained the following spells:

 Spells                   Type           Power      Damage    Failure   Level
 Foxfire                  Conj/Fire      0%         2x1d4     77%         1
 Call Canine Familiar     Summ           0%         N/A       98%         3
 Conjure Flame            Conj/Fire      0%         6-21      98%         3
 Inner Flame              Hex/Fire       0%         N/A       98%         3
 Portal Projectile        Hex/Tloc       0%         N/A       98%         3
 Flame Wave               Conj/Fire      0%         3d3       100%        4
 Leda's Liquefaction      Hex/Erth       0%         N/A       100%        4


Dungeon Overview and Level Annotations

Branches:
Dungeon (3/15)

Altars:


Innate Abilities, Weirdness & Mutations

You are immune to sickness and miasma.
Your stone body is resilient. (AC +3)
You are immune to poison.
You resist negative energy. (rN+)
You are resistant to electric shocks. (rElec)
You are resistant to unholy torment.
You are immune to petrification.


Message History

You barely miss the ball python.
The ball python bites you but does no damage.
The ball python constricts you.
You hit the ball python.
You kill the ball python!
An orc comes into view. It is wielding a +0 trident.
You see here a ball python corpse.
The orc shouts!
An orc comes into view. It is wielding a +0 flail.
The orc shouts!
The orc hits you from afar with a +0 trident.
An orc wizard comes into view. It is wielding a +0 dagger.
The orc wizard shouts!
The orc hits you with a +0 trident.
You hit the orc but do no damage.
An orc comes into view. It is wielding a +0 whip.
You closely miss the orc.
An orc comes into view. It is wielding a +2 whip of flaming.
You block the orc's attack.
You completely miss the orc.
The orc wizard casts a spell.
The orc wizard flickers and vanishes!
Deactivating autopickup; reactivate with Ctrl-A.
The orc hits you with a +0 flail. You block the orc's attack.
You closely miss the orc. The orc barely misses you.
The orc hits you from afar with a +0 trident.
The orc hits you but does no damage.
You hit the orc.
The orc is heavily wounded.
The orc hits you but does no damage.
You hit the orc.
You kill the orc!
You miss something. Something hits you but does no damage.
You block the orc's attack. Something hits you but does no damage.
You completely miss something.
The orc hits you from afar with a +0 trident.
* * * LOW HITPOINT WARNING * * *
Something hits you but does no damage.
The orc hits you from afar with a +0 trident.
You die...

#.# #.#
#.# #o#
... #o#
... #o#
.... #)#
..... #@#
.....##.#
........#
..###...#
###†###
##...#.#
#.<....#
#>......#
#.......#


You could see 3 orcs.

Vanquished Creatures
  An adder (D:2)
  A worm (D:2)
  An orc (D:3)
  5 endoplasms
  A giant cockroach (D:1)
  5 goblins
  4 hobgoblins
  2 jackals (D:1)
  A quokka (D:1)
  5 ball pythons
  2 bats (D:1)
  2 kobolds (D:1)
30 creatures vanquished.

Notes
Turn   | Place    | Note
-------+----------+-------------------------------------------
     0 | D:1      | timneilson the Gargoyle Fighter began the quest for the
                  | Orb.
     0 | D:1      | Reached XP level 1. HP: 14/14 MP: 1/1
    44 | D:1      | You fall into a shaft and drop 1 floor!
   281 | D:1      | Reached XP level 2. HP: 9/19 MP: 2/2
   475 | D:1      | You fall into a shaft and drop 1 floor!
   779 | D:1      | Reached XP level 3. HP: 23/23 MP: 3/3
  1469 | D:3      | Slain by an orc

Illustrated notes

Levels and vault maps discovered:
D:1:      tarquinn_simple_flora_water_b, layout_rooms
D:2:      layout_loops_ring, nrook_mini_backslash
D:3:      layout_loops_ring, hellmonk_ecumenical_altar_lost_god, st_stairs_14

Skill      XL: |  1 |
---------------+----+-----
Long Blades    | 2 |  2.3
Fighting       | |  3.5
Armour         | |  3.8
Dodging        | |  0.4
Shields        | |  3.8

Action                   || total
-------------------------++-------
Melee: Long sword        ||    94
  Use: Scroll            ||     3
Armor: Scale mail        ||    41
Dodge: Dodged            ||    27
Block: Buckler           ||    23

Table legend: (Time is in decaauts)
 A = Elapsed time spent in this place.
 B = Non-inter-level travel time spent in this place.
 C = Inter-level travel time spent in this place.
 D = Time resting spent in this place.
 E = Time spent auto-exploring this place.
 F = Levels seen in this place.
 G = Mean time per level.
                   A        B        C        D        E       F      G
               +--------+--------+--------+--------+--------+-----+--------+
         Total |   1499 |   1445 |     54 |      0 |   1166 |   3 |  499.7 |
       Dungeon |   1499 |   1445 |     54 |      0 |   1166 |   3 |  499.7 |
               +--------+--------+--------+--------+--------+-----+--------+

Top non-repeatable levels by time:
     D:1: 912 daAuts
     D:2: 565 daAuts
     D:3: 21 daAuts
